 Dungeon Crawl Stone Soup version 0.20-a0-350-ga83eecc (webtiles) character file.

1838 HAL9000 the Carver (level 8, -2/74 HPs)
             Began as a Minotaur Fighter on Dec 23, 2016.
             Was a Follower of Uskayaw.
             Slain by Duffy's ghost (20 damage)
             ... on level 7 of the Dungeon.
             The game lasted 00:11:31 (5261 turns).

HAL9000 the Carver (Minotaur Fighter)               Turns: 5261, Time: 00:11:33

Health: -2/74      AC:  6    Str: 22    XL:     8   Next: 87%
Magic:  6/6        EV:  9    Int:  5    God:    Uskayaw [*.....]
Gold:   130        SH: 10    Dex: 11    Spells: 7/7 levels left

rFire  + . .     SeeInvis .     A - +3 long sword
rCold  + . .     Gourm    .     K - +0 steam dragon scales
rNeg   . . .     Faith    .     c - +0 shield
rPois  +         Spirit   .     (helmet restricted)
rElec  +         Reflect  .     (no cloak)
rCorr  +         Harm     .     (no gloves)
MR     .....                    (no boots)
Stlth  +.........               (no amulet)
                                (no ring)
                                j - ring of flight

@: resistant
A: retaliatory headbutt, claws 1, horns 2, blink, low mp 1
a: Blink, Stomp, Renounce Religion, Evoke Flight


You were on level 7 of the Dungeon.
You worshipped Uskayaw.
Uskayaw was noncommittal.
You were very hungry.

You visited 1 branch of the dungeon, and saw 7 of its levels.

You collected 254 gold pieces.
You spent 124 gold pieces at shops.

Inventory:

Hand Weapons
 A - a +3 long sword (weapon)
Missiles
 y - 4 tomahawks (quivered)
Armour
 c - a +0 shield (worn)
 K - +0 steam dragon scales (worn)
Jewellery
 j - a ring of flight (left claw)
Wands
 G - a wand of acid (3/15)
 J - a wand of paralysis (16/24)
 M - a wand of lightning (9/15)
Scrolls
 g - a scroll of enchant armour {unknown}
 h - 5 scrolls of teleportation
 i - 2 scrolls of remove curse
 p - a scroll of recharging {unknown}
 r - 3 scrolls of magic mapping
 s - 6 scrolls of identify
 u - a scroll of amnesia {unknown}
 F - a scroll of immolation {unknown}
 I - a scroll of blinking {unknown}
 L - a scroll of noise {unknown}
 O - a scroll of fear {unknown}
Potions
 k - a potion of flight
 q - a potion of brilliance {unknown}
 v - a potion of resistance
 w - a potion of curing
 x - a potion of berserk rage {unknown}
 B - a potion of mutation
 E - a potion of degeneration {unknown}
Comestibles
 f - 4 bread rations
 m - 3 beef jerkies
 n - 2 slices of pizza
 t - a meat ration
 N - a royal jelly


   Skills:
 - Level 8.0 Fighting
   Level 2.2(6.5) Short Blades
 + Level 10.4(10.6) Long Blades
 + Level 5.0 Armour
 + Level 5.0 Shields


You had 7 spell levels left.
You didn't know any spells.

Dungeon Overview and Level Annotations

Branches:
Dungeon (7/15)             Temple (0/1) D:4

Altars:
Makhleb
Nemelex Xobeh
Ru
Uskayaw

Shops:
D:4 *

Annotations:
D:7 Duffy's ghost, novice FoFi


Innate Abilities, Weirdness & Mutations

You reflexively headbutt those who attack you in melee.
You have a pair of horns on your head.
You have sharp fingernails.
You can translocate small distances at will.
Your magical capacity is low. (-10% MP)


Message History

You block Duffy's ghost's attack.
You completely miss Duffy's ghost.
Duffy's ghost is heavily damaged.
You block Duffy's ghost's attack.
You can no longer pass through a line of other dancers.
It was a potion of mutation.
You feel extremely strange.
You feel less energetic.
You feel jittery.
Your fingernails lengthen.
It was a potion of magic.
Magic courses through your body. Duffy's ghost barely misses you.
You furiously retaliate!
You headbutt Duffy's ghost, but do no damage.
You barely miss Duffy's ghost. You headbutt Duffy's ghost!
Duffy's ghost is heavily damaged.
Duffy's ghost hits you!
* * * LOW HITPOINT WARNING * * *
Duffy's ghost barely misses you. You furiously retaliate!
You headbutt Duffy's ghost! You hit Duffy's ghost.
Duffy's ghost is severely damaged.
Duffy's ghost hits you!!
You die...

#(##########
#.(..(.#.W.#
#.#.#@#
#...#.#
#####.#
#####
#.####...#
#...##.#.#
###.##.#.#
###.##.#.#
#......#.#
#......#.##


You could see Duffy's ghost.

Vanquished Creatures
  Pikel (D:4)
  A wraith (D:6)
  A wyvern (D:5)
  A steam dragon (D:5)
  A centaur (D:4)
  A big kobold (D:6)
  2 bullfrogs (D:6)
  The ghost of Graouh the Skirmisher, a weakling MiFi (D:3)
  A howler monkey (D:4)
  5 wights (D:3)
  2 crimson imps
  A bullfrog skeleton (D:4)
  An orc wizard (D:4)
  An iguana (D:6)
  3 worker ants
  2 hound skeletons
  A worker ant zombie (D:4)
  5 adders
  An adder skeleton (D:4)
  3 worms
  3 dart slugs
  2 leopard geckos (D:3)
  10 orcs
  6 giant cockroaches
  7 hobgoblins
  6 jackals (D:3)
  15 kobolds
  2 quokkas (D:4)
  A ball python (D:2)
  9 bats
  5 frilled lizards
  11 goblins
  8 rats
120 creatures vanquished.

Vanquished Creatures (others)
  A crimson imp (D:7)
  An orc wizard (D:4)
  An orc (D:4)
  A quokka (D:7)
4 creatures vanquished.

Grand Total: 124 creatures vanquished

Notes
Turn   | Place    | Note
-------+----------+-------------------------------------------
     0 | D:1      | HAL9000 the Minotaur Fighter began the quest for the Orb.
     0 | D:1      | Reached XP level 1. HP: 19/19 MP: 0/0
   191 | D:1      | Reached skill level 3 in Long Blades
   191 | D:1      | Reached XP level 2. HP: 22/27 MP: 1/1
   270 | D:1      | Found a sparkling altar of Nemelex Xobeh.
   627 | D:2      | Reached XP level 3. HP: 33/33 MP: 2/2
   717 | D:2      | Reached skill level 4 in Long Blades
  1301 | D:2      | Reached XP level 4. HP: 34/41 MP: 3/3
  1703 | D:3      | Noticed Graouh's ghost (weakling MiFi)
  1713 | D:3      | Killed Graouh's ghost
  1713 | D:3      | Reached skill level 5 in Long Blades
  1713 | D:3      | Reached XP level 5. HP: 37/47 MP: 4/4
  1813 | D:3      | Reached skill level 5 in Fighting
  1881 | D:3      | Reached skill level 6 in Long Blades
  1896 | D:3      | Reached XP level 6. HP: 6/56 MP: 5/5
  2373 | D:4      | Found a sacrificial altar of Ru.
  2386 | D:4      | Found a staircase to the Ecumenical Temple.
  2427 | D:4      | Noticed Pikel
  2427 | D:4      | Noticed a slave
  2429 | D:4      | Noticed a slave
  2429 | D:4      | Noticed a slave
  2438 | D:4      | Noticed a slave
  2447 | D:4      | Killed Pikel
  2447 | D:4      | Reached skill level 8 in Long Blades
  2447 | D:4      | Reached XP level 7. HP: 64/64 MP: 6/6
  2592 | D:4      | Reached skill level 9 in Long Blades
  2609 | D:4      | Got a slimy short sword
  2728 | D:4      | Reached XP level 8. HP: 40/73 MP: 7/7
  3070 | D:4      | Found Waddun's Assorted Antiques.
  3076 | D:4      | Bought an encrusted iron wand for 124 gold pieces
  3187 | D:5      | Entered Level 5 of the Dungeon
  3589 | D:5      | Reached skill level 10 in Long Blades
  4595 | D:6      | Reached skill level 1 in Short Blades
  4684 | D:6      | Found a burning altar of Makhleb.
  4718 | D:6      | Noticed a dagger
  4719 | D:6      | Noticed a hand axe
  4722 | D:6      | Found a hide-covered altar of Uskayaw.
  4861 | D:6      | Identified the +6 short sword "Banisher" {drain, Str+2 Dex+5} (You found it on level 4 of the Dungeon)
  4903 | D:6      | Reached skill level 5 in Shields
  4973 | D:6      | Reached skill level 5 in Armour
  5193 | D:6      | Became a worshipper of Uskayaw the Reveler
  5213 | D:7      | Reached * piety under Uskayaw
  5216 | D:7      | Reached ** piety under Uskayaw
  5242 | D:7      | Noticed Duffy's ghost (novice FoFi)
  5258 | D:7      | Gained mutation: Your magical capacity is low. (-10% MP) [potion of mutation]
  5258 | D:7      | Gained mutation: You can translocate small distances at will. [potion of mutation]
  5258 | D:7      | Gained mutation: You have sharp fingernails. [potion of mutation]
  5261 | D:7      | Slain by Duffy's ghost

Vault maps used:
D:1:      lightli_arrival_farm, nemelex_diamond_rough_becter
D:4:      lemuel_crystal_altar, serial_shops, nicolae_shop_stone, uniq_pikel
D:5:      kennysheep_steamy, first_bread
D:6:      bloody_makhleb, dancing_weapons_uskayaw
D:7:      nicolae_overflow_hidden_temple, xom_confusion_cloud, uniq_menkaure

Skill      XL: |  1  2  3  4  5  6  7  8 |
---------------+-------------------------+-----
Long Blades    | 3 4 5 6 8 9 10 | 10.4
Fighting       | 4 5 6 7 8 |  8.0
Short Blades   | 2 |  2.2
Armour         | 5 |  5.0
Shields        | 5 |  5.0

Action                   |  1- 3 |  4- 6 |  7- 9 || total
-------------------------+-------+-------+-------++-------
Melee: Long sword        |   123 |   101 |   148 ||   372
       Headbutt          |    13 |    21 |    28 ||    62
Throw: Tomahawk          |       |     3 |     3 ||     6
  Use: Potion            |       |     4 |     4 ||     8
       Scroll            |       |       |     4 ||     4
  Eat: Chunk             |     1 |     4 |     8 ||    13
Armor: Scale mail        |    54 |    23 |    29 ||   106
       Skin              |       |    12 |       ||    12
       Steam dragon scal |       |       |     8 ||     8
Dodge: Dodged            |    28 |    25 |    34 ||    87
Block: Shield            |    62 |    40 |    56 ||   158
       Rpst.: Long sword |     9 |     8 |     9 ||    26
